 Dungeon Crawl Stone Soup version 0.28-b1-25-g9875b3fc8c (webtiles) character file.

Game seed: 516924583013132758

5 pkoi the Charlatan (level 1, -1/16 HPs)
             Began as a Minotaur Artificer on Jan 31, 2022.
             Succumbed to an adder's poison
             ... on level 2 of the Dungeon.
             The game lasted 00:00:15 (182 turns).

pkoi the Charlatan (Minotaur Artificer)              Turns: 182, Time: 00:00:16

Health: -1/16      AC:  3    Str: 16    XL:     1   Next: 66%
Magic:  0/0        EV: 11    Int:  8    God:
Gold:   9          SH:  0    Dex: 10    Spells: 0/0 levels left

rFire   . . .      SeeInvis .   a - +0 club
rCold   . . .      Faith    .   (no shield)
rNeg    . . .      Spirit   .   b - +0 leather armour
rPois   .          Reflect  .   (helmet restricted)
rElec   .          Harm     .   (no cloak)
rCorr   .          Rampage  .   (no gloves)
Will    .....                   (no boots)
Stlth   +.........              (no amulet)
HPRegen 0.05/turn               (no ring)
MPRegen 0.07/turn               (no ring)

@: lethally poisoned (-1 -> -9)
A: horns 2, retaliatory headbutt
a: no special abilities


You were on level 2 of the Dungeon.
You visited 1 branch of the dungeon, and saw 2 of its levels.

You collected 9 gold pieces.

Inventory:

Hand Weapons
 a - a +0 club (weapon)
Armour
 b - a +0 leather armour (worn)
Wands
 c - a wand of flame (15) (quivered)
 d - a wand of charming (15)
Miscellaneous
 e - a piece from Xom's chessboard (15/15)


   Skills:
 - Level 1.2 Fighting
 - Level 2.4 Armour
 - Level 1.1 Dodging
 - Level 0.7 Stealth
 + Level 3.1 Evocations


You couldn't memorise any spells.
You didn't know any spells.
Your spell library was empty.

Dungeon Overview and Level Annotations

Branches:
Dungeon (1/15)

Altars:

Shops:
D:2 *


Innate Abilities, Weirdness & Mutations

You have a pair of horns on your head.
You reflexively headbutt those who attack you in melee.


Message History

No target in view!
No target in view!
No target in view!
An adder comes into view.
The adder hisses angrily.
There is an entrance to Fuesh's General Store here.
The adder bites you.
You closely miss the adder. The adder barely misses you.
You hit the adder but do no damage. Your headbutt misses the adder.
The adder bites you. The adder bites you but does no damage.
You barely miss the adder. The adder bites you.
You are poisoned.
The adder poisons you! The adder bites you but does no damage.
You closely miss the adder. Your headbutt misses the adder.
Your punch misses the adder.
You feel sick. The adder barely misses you.
You are too injured to fight recklessly!
You are too injured to fight recklessly!
You are too injured to fight recklessly!
You are too injured to fight recklessly!
You are too injured to fight recklessly!
You are too injured to fight recklessly!
You are too injured to fight recklessly!
You are too injured to fight recklessly!
You are too injured to fight recklessly!
You are too injured to fight recklessly!
You are too injured to fight recklessly!
You are too injured to fight recklessly!
You miss the adder.
You feel sick. The adder bites you.
* * * LOW HITPOINT WARNING * * *
You are more poisoned.
The adder poisons you! The adder misses you. You furiously retaliate!
You headbutt the adder! You closely miss the adder.
The adder is severely wounded.
* * * LOW HITPOINT WARNING * * *
You feel sick. The adder misses you. You furiously retaliate!
You headbutt the adder. The adder bites you but does no damage.
You hit the adder but do no damage.
The adder is almost dead.
You die...

. # .## #.#.#######..#
..........##.#
#........ ##S@∩....#
#........ #........#
#........
#........###........
#.........##........
...........##........
.............#.†......
.........###......#
.......#..........#
..####..........#


You could see an adder.

Vanquished Creatures
  2 bats (D:1)
  A hobgoblin (D:2)
  A quokka (D:1)
4 creatures vanquished.

Notes
Turn   | Place    | Note
-------+----------+-------------------------------------------
     0 | D:1      | pkoi the Minotaur Artificer began the quest for the Orb.
     0 | D:1      | Reached XP level 1. HP: 16/16 MP: 0/0
   154 | D:1      | Reached skill level 3 in Evocations
   159 | D:1      | You fall into a shaft and drop 1 floor!
   161 | D:2      | Found Fuesh's General Store.
   182 | D:2      | Succumbed to an adder's poison

Illustrated notes

Levels and vault maps discovered:
D:1:      tarquinn_simple_flora_water_b, layout_basic,
          nicolae_figureground_pulse
D:2:      layout_basic, serial_shops, shop,
          shapermc_ecumenical_altar_mp_highgroup, uniq_terence

Skill      XL: |  1 |
---------------+----+-----
Evocations     | 3 |  3.1
Fighting       | |  1.2
Armour         | |  2.4
Dodging        | |  1.1
Stealth        | |  0.7

Action                   || total
-------------------------++-------
Melee: Club              ||    13
       Headbutt          ||     1
Armor: Leather armour    ||     5
Dodge: Dodged            ||    11
